 Dungeon Crawl Stone Soup version 0.29.0-11-gd7f09526c8 (webtiles) character file.

Game seed: 9173437498659956891

4824 Lochraine the Geomancer (level 10, -9/56 HPs)
             Began as a Gargoyle Earth Elementalist on Sept 2, 2022.
             Was a Follower of Vehumet.
             Killed from afar by a fire dragon (31 damage)
             ... with a blast of flame
             ... on level 9 of the Dungeon.
             The game lasted 00:28:49 (8748 turns).

Lochraine the Geomancer (GrEE)                      Turns: 8748, Time: 00:28:49

Health: -9/56      AC: 19    Str: 11    XL:     10   Next: 49%
Magic:  1/21       EV: 11    Int: 21    God:    Vehumet [*.....]
Gold:   522        SH:  0    Dex: 10    Spells: 14/23 levels left

rFire   . . .      SeeInvis .   V - +3 flail
rCold   . . .      Faith    .   (no shield)
rNeg    + . .      Spirit   .   X - +1 robe {Will+}
rPois   ∞          Reflect  .   (no helmet)
rElec   +          Harm     .   B - +1 cloak
rCorr   .          Rampage  .   (no gloves)
Will    +....                   (no boots)
Stlth   ++........              e - amulet of regeneration
HPRegen 0.98/turn               (no ring)
MPRegen 0.17/turn               (no ring)

@: ice-armoured
A: sickness immunity, AC +7, negative energy resistance 1, electricity
resistance, torment resistance 1, petrification resistance
a: Renounce Religion


You were on level 9 of the Dungeon.
You worshipped Vehumet.
Vehumet was aware of your devotion.
You visited 2 branches of the dungeon, and saw 10 of its levels.

You collected 522 gold pieces.

Inventory:

Hand Weapons
 h - a +1 whip of freezing
   (You took it off a kobold on level 3 of the Dungeon)
 p - a +0 mace of holy wrath
   (You took it off an orc on level 7 of the Dungeon)
 V - a +3 flail (weapon)
   (You took it off a gnoll on level 6 of the Dungeon)
Armour
 k - the +1 robe "Jyedeum" {Harm Will+ Regen+}
   (You found it on level 2 of the Dungeon)

   Regen:     It increases your rate of health regeneration.
   Harm:      It increases damage dealt and taken.
   Will:      It increases your willpower.
 l - a +0 leather armour
   (You found it on level 8 of the Dungeon)
 o - a +0 scale mail
   (You found it on level 8 of the Dungeon)
 B - a +1 cloak (worn)
   (You found it on level 3 of the Dungeon)
 X - a +1 robe of willpower (worn)
   (You found it on level 7 of the Dungeon)
 Y - a +0 robe
   (You took it off an orc wizard on level 8 of the Dungeon)
Magical Staves
 M - a staff of poison
   (You took it off an orc on level 4 of the Dungeon)
Jewellery
 e - an amulet of regeneration (around neck)
   (You found it on level 8 of the Dungeon)
Wands
 n - a wand of polymorph (7)
   (You found it on level 7 of the Dungeon)
 v - a wand of digging (3)
   (You found it on level 3 of the Dungeon)
 F - a wand of roots (7)
   (You found it on level 3 of the Dungeon)
 H - a wand of mindburst (15)
   (You found it on level 8 of the Dungeon)
Scrolls
 c - a scroll of summoning {unknown}
 d - a scroll of torment {unknown}
 f - 2 scrolls of immolation {!r}
 i - a scroll of enchant armour
 j - a scroll of enchant weapon {unknown}
 x - a scroll of magic mapping {unknown}
 A - 2 scrolls of fog {unknown}
 C - a scroll of silence
 D - 5 scrolls of identify {@r1}
 Q - a scroll of vulnerability {unknown}
 R - a scroll of brand weapon {unknown}
Potions
 a - a potion of cancellation {unknown}
 b - 2 potions of magic
 g - 2 potions of heal wounds {@q2}
 m - 2 potions of might {unknown}
 q - 2 potions of mutation {unknown}
 r - a potion of ambrosia {unknown}
 s - 3 potions of curing {@q1}
 t - a potion of degeneration {unknown}
 z - 2 potions of brilliance {unknown}
 E - a potion of lignification {unknown}
 S - 2 potions of haste {unknown}
 T - a potion of attraction {unknown}


   Skills:
 + Level 3.8 Fighting
 + Level 3.8 Armour
 - Level 1.5 Dodging
 - Level 2.1 Stealth
 + Level 7.3 Spellcasting
 + Level 7.9 Conjurations
 - Level 3.8 Transmutations
 - Level 4.5 Ice Magic
 - Level 8.8 Earth Magic


You had 14 spell levels left.
You knew the following spells:

 Your Spells              Type           Power      Damage    Failure   Level
a - Sandblast             Erth           88%        2d18      1%          1
b - Stone Arrow           Conj/Erth      84%        3d12      1%          3
c - Ozocubu's Armour      Ice            26%        N/A       4%          3
q - Passwall              Tmut/Erth      28%        N/A       1%          2

Your spell library contained the following spells:

 Spells                   Type           Power      Damage    Failure   Level
 Freeze                   Ice            100%       1d11      1%          1
 Wereblood                Tmut           23%        N/A       2%          2
 Petrify                  Tmut/Erth      34%        N/A       6%          4
 Irradiate                Conj/Tmut      16%        3d17      22%         5
 Lightning Bolt           Conj/Air       12%        1d25      43%         5
 Airstrike                Air            3%         2d(1-17)  63%         4
 Summon Lightning Spire   Summ/Air       7%         N/A       63%         4
 Metabolic Englaciation   Hex/Ice        8%         N/A       67%         5
 Simulacrum               Ice/Necr       8%         N/A       99%         6
 Summon Hydra             Summ           3%         N/A       100%        7
 Sublimation of Blood     Necr           Unusable   N/A       N/A         2

Dungeon Overview and Level Annotations

Branches:
Dungeon (9/15) Zot: 25028  Temple (1/1) D:5 Zot: 5867
   Lair: D:8-11         Orc: D:9-12

Altars:
Ashenzari
Dithmenos
Elyvilon
Fedhas
Gozag
Hepliaklqana
Kikubaaqudgha
Makhleb
Nemelex Xobeh
Okawaru
Qazlal
Trog
Uskayaw
Vehumet
Wu Jian
Xom
Zin
The Shining One

Annotations:
D:9 Gastronok


Innate Abilities, Weirdness & Mutations

You are immune to sickness and miasma.
Your stone body is resilient. (AC +7)
You are immune to poison.
You resist negative energy. (rN+)
You are resistant to electric shocks. (rElec)
You are resistant to unholy torment.
You are immune to petrification.


Message History

You enter the shallow water.
Moving in this stuff is going to be slow.
There is an open door here.
Things that are here:
a +0 hand axe; a +0 dagger; a +0 shortbow
Things that are here:
a +0 arbalest; a +0 war axe
There is a stone staircase leading down here.
You climb downwards.
There is a stone staircase leading up here.
Found an escape hatch in the floor.
Okay, then.
You open the door.
There is an open door here.
Found 13 gold pieces.
You now have 522 gold pieces (gained 13).
Gastronok the Ponderous comes into view.
Gastronok gurgles horribly!
Gastronok looks at you and mumbles some strange words.
You resist with significant effort. A film of ice covers your body!
Aim: Gastronok, wearing a +1 hat (100% to hit)
The stone arrow hits Gastronok!
Gastronok mumbles some strange words.
Gastronok puts on a burst of speed!
Aim: Gastronok, wearing a +1 hat (lightly wounded, covering ground quickly, 100% to hit)
The stone arrow hits Gastronok!!
Aim: Gastronok, wearing a +1 hat (moderately wounded, covering ground quickly, 100% to hit)
The stone arrow hits Gastronok!!
A fire dragon comes into view.
Gastronok waves his eye-stalks in wide circles.
The air twists around and strikes you!!
Aim: Gastronok, wearing a +1 hat (heavily wounded, covering ground quickly, 100% to hit)
The stone arrow hits Gastronok!
Aim: Gastronok, wearing a +1 hat (heavily wounded, covering ground quickly, 100% to hit)
The stone arrow hits Gastronok!!
Gastronok waves his eye-stalks in wide circles.
The air twists around and strikes you!
* * * LOW HITPOINT WARNING * * *
Okay, then.
Unknown command.
Unknown command.
Okay, then.
Unknown command.
Aim: Gastronok, wearing a +1 hat (severely wounded, covering ground quickly, 100% to hit)
The stone arrow hits Gastronok!
The fire dragon breathes flames at you. The blast of flame hits you!!
Ouch! That really hurt!
You die...

. #.....#....# #.
....#######.#....####.
#....<....#.........
#....######.........
#....# #......... +....#
####'##.....
##+##....####...........
..............##...#####
..D....@>......#...#
.......#.......#...#
....w..#.......#...#
.......#.......#...#
.#.....#.......#...#
#.....#.......#...#
#.....#.........
#.....#..........
#..........


You could see Gastronok (swift) and a fire dragon (catching breath).

Vanquished Creatures
  A centaur warrior (D:8)
  Maurice (D:8)
  A vampire (D:7)
  4 yaks (D:8)
  A steam dragon (D:6)
  2 water moccasins
  2 orc warriors (D:8)
  2 ice beasts
  2 sky beasts
  2 centaurs
  A kobold brigand (D:8)
  2 scorpions (D:5)
  Blork the orc (D:4)
  5 bullfrogs
  A necrophage (D:7)
  3 wights (D:8)
  6 killer bees (D:8)
  6 electric eels (D:8)
  2 howler monkeys
  A jelly (D:8)
  5 orc priests
  2 gnoll boudas
  Jessica (D:2)
  4 iguanas
  5 orc wizards
  6 adders
  9 gnolls
  2 shadow imps
  A white imp (D:8)
  An ufetubus (D:5)
  2 worms (D:2)
  A dart slug (D:3)
  33 orcs
  7 bats
  4 endoplasms
  A giant cockroach (D:2)
  2 goblins
  3 hobgoblins
  7 jackals (D:2)
  3 quokkas
  8 ball pythons
  7 frilled lizards
  10 kobolds
  5 rats
175 creatures vanquished.

Vanquished Creatures (others)
  8 plants
8 creatures vanquished.

Grand Total: 183 creatures vanquished

Notes
Turn   | Place    | Note
-------+----------+-------------------------------------------
     0 | D:1      | Lochraine the Gargoyle Earth Elementalist began the quest
                  | for the Orb.
     0 | D:1      | Reached XP level 1. HP: 10/10 MP: 3/3
   227 | D:1      | Reached skill level 1 in Transmutations
   253 | D:1      | Reached XP level 2. HP: 11/15 MP: 1/5
   420 | D:1      | Found a faded altar of an unknown god.
   472 | D:1      | Reached skill level 4 in Earth Magic
   771 | D:2      | Identified the +1 robe "Jyedeum" {Harm Will+ Regen+}
  1011 | D:2      | Reached XP level 3. HP: 19/19 MP: 3/6
  1204 | D:2      | Found a sparkling altar of Nemelex Xobeh.
  1247 | D:2      | Noticed Jessica
  1256 | D:2      | Killed Jessica
  1305 | D:2      | Learned a level 3 spell: Stone Arrow
  1356 | D:2      | Reached XP level 4. HP: 24/24 MP: 6/8
  2115 | D:3      | Reached skill level 1 in Conjurations
  2131 | D:3      | Reached XP level 5. HP: 28/28 MP: 3/9
  2535 | D:3      | Learned a level 2 spell: Passwall
  3122 | D:4      | Reached skill level 5 in Earth Magic
  3123 | D:4      | HP: 1/28 [something/puff of flame (9)]
  3252 | D:4      | Reached XP level 6. HP: 32/32 MP: 7/11
  3573 | D:4      | Noticed Blork the orc
  3581 | D:4      | Killed Blork the orc
  3754 | D:4      | Reached XP level 7. HP: 14/36 MP: 4/12
  4291 | D:5      | Entered Level 5 of the Dungeon
  4335 | D:5      | Reached skill level 6 in Earth Magic
  4569 | D:4      | Reached XP level 8. HP: 32/41 MP: 0/14
  4694 | D:5      | Learned a level 3 spell: Ozocubu's Armour
  4762 | D:5      | Found an opulent altar of Gozag.
  4764 | D:5      | Found a burning altar of Makhleb.
  4764 | D:5      | Found a burning altar of Makhleb.
  4766 | D:5      | Found a shimmering altar of Xom.
  4766 | D:5      | Found a white marble altar of Elyvilon.
  4766 | D:5      | Found an ornate altar of the Wu Jian Council.
  4855 | D:5      | Found a staircase to the Ecumenical Temple.
  4863 | Temple   | Entered the Ecumenical Temple
  4974 | Temple   | Became a worshipper of Vehumet
  5326 | D:6      | Reached skill level 1 in Ice Magic
  5326 | D:6      | Reached skill level 7 in Earth Magic
  5329 | D:6      | Reached skill level 5 in Spellcasting
  5425 | D:6      | You fall into a shaft and drop 1 floor!
  5520 | D:7      | Reached skill level 5 in Conjurations
  5839 | D:7      | Noticed a vampire
  5840 | D:7      | Found a blossoming altar of Fedhas.
  5847 | D:7      | Killed a vampire
  6210 | D:7      | Reached XP level 9. HP: 45/45 MP: 14/17
  6362 | D:7      | Reached skill level 8 in Earth Magic
  6533 | D:8      | Found a shadowy altar of Dithmenos.
  6543 | D:8      | Noticed Maurice
  6588 | D:8      | Reached * piety under Vehumet
  6588 | D:8      | Offered knowledge of Freeze by Vehumet.
  7312 | D:8      | Killed Maurice
  7313 | D:8      | Reached skill level 1 in Fighting
  7313 | D:8      | Reached skill level 1 in Armour
  7522 | D:8      | Reached XP level 10. HP: 46/53 MP: 9/20
  7671 | D:8      | Noticed a centaur warrior
  8328 | D:8      | Killed a centaur warrior
  8741 | D:9      | Noticed Gastronok
  8745 | D:9      | Noticed a fire dragon
  8748 | D:9      | Killed from afar by a fire dragon

Illustrated notes

Levels and vault maps discovered:
D:1:      saegor_arrival_simple_b, layout_rooms,
          shapermc_ecumenical_altar_mp_ritualfount
D:2:      mumra_celtic_spiral_tile, layout_loops_ring, basic_altar,
          serial_bayou_lagoon_a, nicolae_kite_square_tiling_tiny, uniq_jessica
D:3:      layout_basic, minmay_misc_feat_rugged, due_unseen_surprise
D:4:      layout_basic, uniq_blork_the_orc
D:5:      layout_rooms, doesnt_xom_only_xom, minmay_temple_entry_glassed_door,
          kennysheep_generic_room_14
D:6:      layout_rooms, minitemple, uniq_grinder
D:7:      layout_rooms, mainiacjoe_overflow_cross_hatched
D:8:      cheibrodos_two_vegetables, layout_cave_pools,
          grunt_dithmenos_smoke_and_mirrors, hangedman_decor_diamond_cutter,
          uniq_maurice
D:9:      layout_basic, minmay_lair_entry_lava, ebering_ghost_reflecting_pool,
          minmay_between, uniq_erica, uniq_gastronok, uniq_maggie
Temple:   regret_index_temple_waves

Skill      XL: |  1  2  3  4  5  6  7  8  9 10 |
---------------+-------------------------------+-----
Transmutations | 1 2 3 |  3.8
Earth Magic    | 4 5 6 7 8 |  8.8
Conjurations   | 1 2 3 4 5 7 |  7.9
Spellcasting   | 3 4 5 6 7 |  7.3
Ice Magic      | 2 4 |  4.5
Fighting       | 1 3 |  3.8
Armour         | 1 3 |  3.8
Dodging        | |  1.5
Stealth        | |  2.1

Action                   |  1- 3 |  4- 6 |  7- 9 | 10-12 || total
-------------------------+-------+-------+-------+-------++-------
Melee: Whip              |    13 |    39 |     3 |       ||    55
       Flail             |       |       |       |     3 ||     3
 Cast: Sandblast         |    36 |   104 |   119 |    14 ||   273
       Passwall          |       |     2 |       |       ||     2
       Stone Arrow       |       |     1 |    38 |    22 ||    61
       Ozocubu's Armour  |       |       |     2 |     2 ||     4
Evoke: Wand              |       |       |       |     2 ||     2
  Use: Scroll            |       |     3 |     7 |     1 ||    11
       Potion            |       |     1 |       |     1 ||     2
Armor: Robe              |     7 |    42 |    48 |     8 ||   105
Dodge: Dodged            |    15 |    55 |    51 |    19 ||   140
